 Dungeon Crawl Stone Soup version 0.15-a0-1138-g9bbef20 (console) character file.

49 gw the Cudgeler (level 3, -4/40 HPs)
             Began as an Ogre Berserker on May 29, 2014.
             Was a Believer of Trog.
             Slain by a worm (8 damage)
             ... on Level 2 of the Dungeon.
             The game lasted 00:00:44 (1882 turns).

gw the Cudgeler (Ogre Berserker)                    Turns: 1882, Time: 00:00:45

HP  -4/40        AC  3     Str 22      XL: 3   Next: 75%
MP   3/3         EV 10     Int  2      God: Trog [**....]
Gold 0           SH  0     Dex 10      Spells:  0 memorised,  2 levels left

rFire  . . .     SeeInvis +     a - +0 mace
rCold  . . .     Clarity  .     b - +0 animal skin
rNeg   . . .     rCorr    .     (shield restricted)
rPois  .         rRot     .     (helmet restricted)
rElec  .         Spirit   .     (no cloak)
SustAb .         Warding  .     (gloves unavailable)
rMut   .         Stasis   .     (boots unavailable)
Gourm  .                        (no amulet)
MR     .....                    j - cursed -4 ring of intelligence
                                m - ring of see invisible

@: not resistant to hostile enchantments, very unstealthy
A: unfitting armour, tough skin 1
a: Burn Spellbooks, Berserk, Trog's Hand, Renounce Religion


You were on level 2 of the Dungeon.
You worshipped Trog.
Trog was pleased with you.
You were not hungry.

You visited 1 branch of the dungeon, and saw 2 of its levels.

Inventory:

Hand weapons
 a - a +0,+0 mace (weapon)
Missiles
 p - 18 stones (quivered)
Armour
 b - a +0 animal skin (worn)
Comestibles
 c - 2 meat rations
 d - a rotting chunk of giant cockroach flesh
 g - a bread ration
 n - a slice of pizza
Scrolls
 f - a scroll of recharging
 i - a scroll of teleportation
Jewellery
 j - a cursed -4 ring of intelligence (right hand)
 k - an uncursed ring of positive energy {unknown}
 m - a ring of see invisible (left hand)
Potions
 e - a potion of curing
 h - a potion of restore abilities


   Skills:
 + Level 4.6 Fighting
 * Level 4.9 Maces & Flails
 + Level 1.5 Throwing
 + Level 3.1 Dodging


You had 2 spell levels left.
You didn't know any spells.

Dungeon Overview and Level Annotations

Branches:
Dungeon (2/15)

Altars:


Innate Abilities, Weirdness & Mutations

You are too large for most types of armour.
You have tough skin (AC +1).


Message History

The kobold closely misses you. x2
ATTACKING (0,-1)
You closely miss the kobold. The worm bites you.
The kobold hits you but does no damage.
ATTACKING (0,-1)
You barely miss the kobold. The kobold hits you. The worm bites you.
ATTACKING (0,-1)
You sock the kobold!
You kill the kobold!
Trog accepts your kill. The worm bites you!
ATTACKING (0,1)
You barely miss the worm.
ATTACKING (0,1)
You hit the worm.
The worm is lightly wounded.
The worm bites you. The worm bites you. The worm bites you!
You die...

....#..............#
###.##########.....#
# #.............####
##################
...............#..
#############.##.#
#.##.# #.##.# #.##O#
#.##w#####
#.#.b....#
#.#(.....#
#.#......#
#.'......#
###......# #......#
#......#


You could see a worm and a bat.

Table legend:
 A = Turns spent in this place as a percentage of turns spent in the entire game.
 B = Non-inter-level travel turns spent in this place as a percentage of non-inter-level travel turns spent in the entire game.
 C = Inter-level travel turns spent in this place as a percentage of turns spent in this place.
 D = Turns resting spent in this place as a percentage of non-inter-level travel turns spent in this place.
 E = Turns spent auto-exploring this place as a percentage of non-inter-level travel turns spent in this place.
 F = Non-inter-level travel turns spent in this place divided by the number of levels of this place that you've seen.
                   A       B       C       D       E      F
               +-------+-------+-------+-------+-------+----------------------
         Total | 100.0 | 100.0 |   0.6 |  10.0 |  22.9 | 170.5
       Dungeon | 100.0 | 100.0 |   0.6 |  10.0 |  22.9 | 170.5
               +-------+-------+-------+-------+-------+----------------------

Table legend:
 A = Kills in this place as a percentage of kills in entire the game.
 B = Kills by you in this place as a percentage of kills by you in the entire game.
 C = Kills by friends in this place as a percentage of kills by friends in the entire game.
 D = Other kills in this place as a percentage of other kills in the entire game.
 E = Experience gained in this place as a percentage of experience gained in the entire game.
 F = Experience gained in this place divided by the number of levels of this place that you have seen.
                   A       B       C       D       E      F
               +-------+-------+-------+-------+-------+----------------------
         Total | 100.0 | 100.0 |  -nan |  -nan | 100.0 |  35.0
       Dungeon | 100.0 | 100.0 |  -nan |  -nan | 100.0 |  35.0
               +-------+-------+-------+-------+-------+----------------------

Vanquished Creatures
  An adder (D:2)
  An ooze (D:1)
  A giant cockroach (D:2)
  6 hobgoblins
  5 bats (D:1)
  3 giant newts
  6 goblins (D:1)
  2 jackals (D:1)
  6 kobolds
  5 rats (D:1)
36 creatures vanquished.

Notes
Turn   | Place    | Note
--------------------------------------------------------------
     0 | D:1      | gw, the Ogre Berserker, began the quest for the Orb.
     0 | D:1      | Reached XP level 1. HP: 24/24 MP: 1/1
   452 | D:1      | Reached XP level 2. HP: 16/32 MP: 2/2
   782 | D:1      | Reached skill level 1 in Throwing
   927 | D:1      | Acquired Trog's second power
  1060 | D:1      | Reached XP level 3. HP: 36/40 MP: 3/3
  1882 | D:2      | Slain by a worm

Action                   || total
-------------------------++-------
Melee: Mace              ||   111
Throw: Dart              ||    11
       Stone             ||    35
Invok: Berserk           ||     1
  Use: Scroll            ||     5
       Potion            ||     4

Vault maps used:
D:1:      wheals_arrival_linesprint, minmay_ruptured
D:2:      tso_altar, uniq_terence
